 Dungeon Crawl Stone Soup version 0.22-a0-447-gee5f7238b3 (webtiles) character file.

65 JackS81 the Covered (level 3, -3/31 HPs)
             Began as a Minotaur Fighter on June 2, 2018.
             Slain by Liquorice's ghost (8 damage)
             ... on level 3 of the Dungeon.
             The game lasted 00:05:45 (1581 turns).

JackS81 the Covered (Minotaur Fighter)              Turns: 1581, Time: 00:05:46

Health: -3/31      AC:  7    Str: 19 (20) XL:     3   Next: 92%
Magic:  2/2        EV:  8    Int:  4 (5)  God:
Gold:   63         SH:  9    Dex:  9 (10) Spells: 2/2 levels left

rFire    . . .     SeeInvis .   a - +0 war axe
rCold    . . .     Gourm    .   c - +0 shield
rNeg     . . .     Faith    .   b - +0 scale mail
rPois    +         Spirit   .   (helmet restricted)
rElec    .         Reflect  .   (no cloak)
rCorr    .         Harm     .   (no gloves)
MR       .....                  (no boots)
Stlth    ..........             (no amulet)
HPRegen  0.10/turn              m - ring of poison resistance
MPRegen  0.08/turn              (no ring)

@: lethally poisoned (-3 -> -15)
A: retaliatory headbutt, horns 2
a: no special abilities


You were on level 3 of the Dungeon.
You were not hungry.

You visited 1 branch of the dungeon, and saw 3 of its levels.

You collected 63 gold pieces.

Inventory:

Hand Weapons
 a - a +0 war axe (weapon)
Missiles
 g - 25 arrows
 r - 7 bolts
Armour
 b - a +0 scale mail (worn)
 c - a +0 shield (worn)
 l - a +0 plate armour
Jewellery
 m - a ring of poison resistance (left hand)
 o - a +2 ring of intelligence
Scrolls
 h - a scroll of amnesia
 n - a scroll of teleportation {unknown}
 p - a scroll of identify
 q - a scroll of random uselessness {unknown}
Potions
 d - a potion of might
 i - a potion of resistance {unknown}
 j - a potion of agility {unknown}
 k - 5 potions of curing {unknown}
Comestibles
 f - 4 rations
 s - a chunk of flesh


   Skills:
 - Level 3.6 Fighting
 * Level 3.6 Axes
 * Level 4.4 Armour
 * Level 1.2 Dodging
 + Level 4.1 Shields


You had 2 spell levels left.
You didn't know any spells.
Your spell library was empty.

Dungeon Overview and Level Annotations

Branches:
Dungeon (3/15)

Altars:
Dithmenos
Xom

Annotations:
D:3 Liquorice's ghost, amateur DsGl


Innate Abilities, Weirdness & Mutations

You reflexively headbutt those who attack you in melee.
You have a pair of horns on your head.


Message History

You feel sick. Liquorice's ghost barely misses you. You furiously retaliate!
You headbutt Liquorice's ghost, but do no damage.
You miss Liquorice's ghost.
Liquorice's ghost is lightly damaged.
* * * LOW HITPOINT WARNING * * *
You feel sick.
Liquorice's ghost hits you but does no damage.
You closely miss Liquorice's ghost. Your headbutt misses Liquorice's ghost.
Liquorice's ghost is lightly damaged.
* * * LOW HITPOINT WARNING * * *
You feel sick. Liquorice's ghost hits you.
* * * LOW HITPOINT WARNING * * *
Liquorice's ghost screams, "Don't try to defend!
You have no chance!"
You block Liquorice's ghost's attack.
It was a potion of degeneration.
There was something very wrong with that liquid.
You feel weakened.
You feel dopey.
You feel clumsy.
* * * LOW HITPOINT WARNING * * *
You feel sick. Liquorice's ghost hits you!
You die...

# ### ##. ..#
..# ######.#
... #....#W#
#. #.##.#@# .
#.#..#.# ##
####.#.##.# #.
#..#.#....# #.
#.##.######
#.........# .#
##
####.####...##
.. .># #
#.......##.##
#. #.# #
#..........#
#.###.# #


You could see Liquorice's ghost.

Vanquished Creatures
  2 adders (D:2)
  A dart slug (D:1)
  2 leopard geckos
  3 giant cockroaches
  3 goblins
  5 hobgoblins
  6 jackals (D:1)
  A quokka (D:3)
  A ball python (D:2)
  3 bats
  2 frilled lizards
  9 kobolds
  3 rats (D:1)
41 creatures vanquished.

Notes
Turn   | Place    | Note
-------+----------+-------------------------------------------
     0 | D:1      | JackS81 the Minotaur Fighter began the quest for the Orb.
     0 | D:1      | Reached XP level 1. HP: 19/19 MP: 0/0
   143 | D:1      | Reached XP level 2. HP: 21/26 MP: 1/1
   587 | D:1      | Reached skill level 1 in Dodging
   588 | D:1      | Reached XP level 3. HP: 31/31 MP: 2/2
   743 | D:2      | Found a shimmering altar of Xom.
   971 | D:2      | Found a shadowy altar of Dithmenos.
  1462 | D:3      | Found a faded altar of an unknown god.
  1570 | D:3      | Noticed Liquorice's ghost (amateur DsGl)
  1581 | D:3      | Slain by Liquorice's ghost

Vault maps used:
D:1:      minmay_arrival_glassed_features
D:2:      nicolae_dithmenos_shadow_blocks, nicolae_overflow_hidden_temple,
          hex_large
D:3:      chequers_ecumenical_altar_twisty, patterned_corridor, uniq_terence

Skill      XL: |  1  2 |
---------------+-------+-----
Armour         | 4 |  4.4
Axes           | 3 |  3.6
Shields        | 4 |  4.1
Dodging        | 1 |  1.2
Fighting       | |  3.6

Action                   || total
-------------------------++-------
Melee: War axe           ||    86
       Headbutt          ||    13
  Use: Scroll            ||     3
       Potion            ||     1
  Eat: Chunk             ||     2
Armor: Scale mail        ||    34
Dodge: Dodged            ||    24
Block: Shield            ||    50

Table legend:
 A = Spawn XP
 B = Non-spawn XP
 C = Spawn XP percentage of total XP
 D = Spawn monster count
 E = Non-spawn monster count
 F = Spawn count percentage of total count
 G = Total turns spent on level
                    A         B        C        D         E        F      G
               +---------+---------+-------+---------+---------+-------+---------
         Total |       0 |      93 |   0.0 |       0 |      41 |   0.0 |  1581
               +---------+---------+-------+---------+---------+-------+---------
           D:1 |       0 |      42 |   0.0 |       0 |      25 |   0.0 |   713
           D:2 |       0 |      44 |   0.0 |       0 |      13 |   0.0 |   682
           D:3 |       0 |       7 |   0.0 |       0 |       3 |   0.0 |   186
               +---------+---------+-------+---------+---------+-------+---------
